 Seeded DCSS version 0.29.1-15-g9cfb28693d (webtiles) character file.

Game seed: 16245865983455551772 (custom seed)

2636 Atreus the Spry (level 9, -5/42 HPs)
             Began as a Spriggan Brigand on Mar 9, 2023.
             Was a Follower of Trog.
             Killed by divine providence
             ... invoked by an orc priest
              (13 damage)
             ... on level 8 of the Dungeon.
             The game lasted 00:12:37 (7575 turns).

Atreus the Spry (Spriggan Brigand)                  Turns: 7575, Time: 00:12:38

Health: -5/42      AC:  4    Str: 11    XL:     9   Next: 35%
Magic:  10/10      EV: 38    Int: 23    God:    Trog [*.....]
Gold:   415        SH:  0    Dex: 23    Spells: 8/8 levels left

rFire   . . .      SeeInvis +   f - +8 quick blade of Neryal {drain, Int+4}
rCold   . . .      Faith    .   (no shield)
rNeg    . . .      Spirit   .   b - +0 robe
rPois   .          Reflect  .   H - +2 hat
rElec   .          Harm     .   J - scarf {+Inv}
rCorr   .          Rampage  .   (gloves unavailable)
Will    ++...                   (boots unavailable)
Stlth   ++++......              s - amulet of regeneration
HPRegen 0.94/turn               g - ring of Riramo {Will+ EV+4 Str+4 Dex+3}
MPRegen 0.12/turn               k - +6 ring of intelligence

@: lethally poisoned (-5 -> -7), about to teleport, slowed, studying Short
Blades, quick
A: very small, no large weapons, unfitting armour, see invisible, speed 3
a: Renounce Religion, Evoke Invisibility, Berserk


You were on level 8 of the Dungeon.
You worshipped Trog.
Trog was aware of your devotion.
You visited 2 branches of the dungeon, and saw 9 of its levels.

You collected 415 gold pieces.

Inventory:

Hand Weapons
 a - a +2 dagger
 f - the +8 quick blade of Neryal (weapon) {drain, Int+4}
   (You acquired it on level 1 of the Dungeon)

   A truly terrible weapon, it drains the life of any living foe it strikes.
   Int:       It affects your intelligence (+4).
Missiles
 d - 30 poisoned darts
 e - 4 curare-tipped darts (quivered)
Armour
 b - a +0 robe (worn)
 c - a +0 cloak
 w - a +0 kite shield
 H - a +2 hat (worn)
 J - a scarf of invisibility (worn)
Jewellery
 g - the ring of Riramo (left hand) {Will+ EV+4 Str+4 Dex+3}
   (You acquired it on level 1 of the Dungeon)

   [ring of evasion]

   EV:        It affects your evasion (+4).
   Str:       It affects your strength (+4).
   Dex:       It affects your dexterity (+3).
   Will:      It increases your willpower.
 k - a +6 ring of intelligence (right hand)
 l - a +6 ring of intelligence
 s - an amulet of regeneration (around neck)
 z - a ring of ice
 B - an amulet of regeneration
Wands
 q - a wand of roots (25)
 F - a wand of flame (53)
 K - a wand of charming (10)
Scrolls
 j - 8 scrolls of teleportation
 m - 8 scrolls of identify
 o - 2 scrolls of summoning {unknown}
 p - a scroll of enchant weapon {unknown}
 r - a scroll of noise {unknown}
 t - 2 scrolls of immolation {unknown}
 y - a scroll of silence {unknown}
 A - a scroll of butterflies {unknown}
 C - a scroll of acquirement
 E - a scroll of amnesia {unknown}
 I - a scroll of poison {unknown}
Potions
 h - a potion of might {unknown}
 i - 2 potions of flight {unknown}
 n - 2 potions of lignification {unknown}
 u - a potion of berserk rage {unknown}
 v - 4 potions of brilliance {unknown}
 x - 2 potions of degeneration {unknown}
 D - 2 potions of curing {unknown}
 G - a potion of attraction {unknown}


   Skills:
 - Level 1.7 Fighting
 - Level 2.8 Short Blades
 - Level 2.0 Throwing
 + Level 16.1 Dodging
 - Level 6.0 Stealth


You had 8 spell levels left.
You didn't know any spells.
Your spell library contained the following spells:

 Spells                   Type           Power      Damage    Failure   Level
 Sting                    Tmut/Pois      0%         1d3       16%         1
 Poisonous Vapours        Pois/Air       0%         N/A       24%         2
 Confusing Touch          Hex            0%         N/A       43%         3
 Olgreb's Toxic Radiance  Pois           0%         N/A       83%         4
 Yara's Violent Unravell  Hex/Tmut       0%         3d3       99%         5
 Enfeeble                 Hex            0%         N/A       100%        7
 Chain Lightning          Conj/Air       0%         N/A       100%        9
 Fire Storm               Conj/Fire      0%         5d1       100%        9
 Shatter                  Erth           0%         3d5*      100%        9


Dungeon Overview and Level Annotations

Branches:
Dungeon (8/15)             Temple (1/1) D:5
   Lair: D:8-11

Altars:
Cheibriados
Dithmenos
Elyvilon
Fedhas
Gozag
Hepliaklqana
Kikubaaqudgha
Makhleb
Nemelex Xobeh
Sif Muna
Trog
Uskayaw
Vehumet
Wu Jian
Yredelemnul
Zin
The Shining One

Shops:
D:3 [   D:4 *:[   D:7 =

Annotations:
D:8 Amaemon


Innate Abilities, Weirdness & Mutations

You are very small and have problems with some larger weapons.
You are too small for most types of armour.
You have supernaturally acute eyesight. (SInv)
You cover ground extremely quickly. (Speed+++)


Message History

Amaemon is moderately wounded.
The orange demon stings you from afar.
You are poisoned.
You have difficulty breathing.
You feel yourself slow down. Amaemon completely misses you.
Amaemon closely misses you. Amaemon completely misses you.
You hit Amaemon. You drain Amaemon.
Amaemon is moderately wounded.
You feel very sick.
The centaur completely misses you. x2; The orange demon completely misses you.
Amaemon misses you. Amaemon closely misses you. Amaemon completely misses you.
The orc priest calls down the wrath of Beogh upon you.
Beogh smites you! The centaur completely misses you.
The centaur barely misses you.
Okay, then.
As you read the scroll labelled DOIQEGH ICARY, it crumbles to dust.
It is a scroll of identify.
j - 9 scrolls of teleportation You feel very sick.
The orange demon no longer looks unusually toxic.
The centaur completely misses you. x2; The orange demon completely misses you.
Amaemon points at the orange demon and mumbles some strange words.
The orange demon seems to grow toxic.
The centaur misses you. The centaur completely misses you.
As you read the scroll of teleportation, it crumbles to dust.
You feel strangely unstable.
You feel very sick.
The centaur hits you but does no damage.
The centaur completely misses you. The orange demon completely misses you.
The orc priest completely misses you. Amaemon completely misses you.
Amaemon misses you. Amaemon closely misses you. The centaur misses you.
The centaur completely misses you. Amaemon misses you.
Amaemon completely misses you. x2
An orc comes into view. It is wielding a +0 club.
The orange demon completely misses you. The orc priest completely misses you.
You feel sick. The centaur barely misses you.
The centaur completely misses you.
The orc priest calls down the wrath of Beogh upon you.
Beogh smites you!
You die...

######.##.####
#...#.......#
#.#.###.###.#
#.#.....#
#.#####
#.#######
#....<# #.#
####### #.#
########.###
....oo6c@..#
....o4.......#
.....o.....#.#
...######### #
..


o You could see Amaemon (drained), an orange demon (curare), a centaur, an orc
priest, an orc wizard and 2 orcs.

Vanquished Creatures
  Sigmund (D:5)
  A steam dragon (D:7)
  A water moccasin (D:6)
  An ice beast (D:7)
  2 orc warriors
  A black bear (D:5)
  An ogre (D:4)
  A phantom (D:6)
  A centaur (D:5)
  A kobold brigand (D:6)
  4 bullfrogs
  2 necrophages
  5 scorpions
  4 wights (D:7)
  2 howler monkeys (D:7)
  2 orc priests
  A gnoll bouda (D:7)
  3 hounds
  An iron imp (D:4)
  Jessica (D:2)
  3 iguanas
  3 orc wizards
  Natasha (D:3)
  A hound skeleton (D:4)
  8 gnolls
  5 adders
  A white imp (D:5)
  A dart slug (D:5)
  14 orcs
  6 ball pythons
  3 bats
  8 endoplasms
  A giant cockroach (D:4)
  5 goblins
  8 hobgoblins
  12 kobolds
  4 quokkas
  3 frilled lizards
  7 rats
130 creatures vanquished.

Vanquished Creatures (others)
  5 fungi (D:8)
  17 plants
22 creatures vanquished.

Grand Total: 152 creatures vanquished

Notes
Turn   | Place    | Note
-------+----------+-------------------------------------------
     0 | D:1      | Atreus the Spriggan Brigand began the quest for the Orb.
     0 | D:1      | Reached XP level 1. HP: 10/10 MP: 2/2
    67 | D:1      | Identified 3 scrolls of acquirement
    67 | D:1      | Acquired the ring of Riramo {Will+ EV+4 Str+4 Dex+3}
    69 | D:1      | Acquired a manual of Short Blades
    71 | D:1      | Acquired the +8 quick blade of Neryal {drain, Int+4}
   233 | D:1      | Reached skill level 2 in Dodging
   237 | D:1      | Reached XP level 2. HP: 15/15 MP: 3/3
   302 | D:1      | Found a faded altar of an unknown god.
   833 | D:1      | Reached skill level 3 in Dodging
  1016 | D:2      | Reached XP level 3. HP: 18/18 MP: 4/4
  1053 | D:2      | Noticed Jessica
  1058 | D:2      | Killed Jessica
  1059 | D:2      | Reached skill level 4 in Dodging
  1895 | D:3      | Reached XP level 4. HP: 21/23 MP: 5/5
  1958 | D:3      | Found Ymmy Ciutu's Antique Armour Shoppe.
  1974 | D:3      | Reached skill level 5 in Dodging
  2024 | D:3      | Reached skill level 6 in Dodging
  2024 | D:3      | Reached XP level 5. HP: 15/26 MP: 6/6
  2372 | D:3      | Noticed Natasha
  2380 | D:3      | Killed Natasha
  2426 | D:3      | Reached skill level 7 in Dodging
  2559 | D:4      | Found Tuuwolaw's General Store.
  2559 | D:4      | Found Gamycsypi's Antique Armour Boutique.
  2633 | D:4      | Found a burning altar of Makhleb.
  2642 | D:4      | Reached XP level 6. HP: 30/30 MP: 7/7
  2648 | D:4      | Reached skill level 8 in Dodging
  2675 | D:4      | Found a shadowy altar of Dithmenos.
  2940 | D:4      | Found a snail-covered altar of Cheibriados.
  2962 | D:4      | Reached skill level 9 in Dodging
  3039 | D:4      | You fall into a shaft and drop 2 floors!
  3042 | D:6      | Noticed an orc warrior
  3055 | D:5      | Entered Level 5 of the Dungeon
  3055 | D:5      | Noticed Sigmund
  3093 | D:4      | Reached XP level 7. HP: 34/34 MP: 8/8
  3207 | D:4      | Found Koenoidu's Book Boutique.
  3376 | D:5      | Killed Sigmund
  3377 | D:5      | Reached skill level 10 in Dodging
  3764 | D:5      | Reached skill level 11 in Dodging
  3970 | D:5      | Found a staircase to the Ecumenical Temple.
  3982 | Temple   | Entered the Ecumenical Temple
  4223 | Temple   | Became a worshipper of Trog the Wrathful
  4417 | D:5      | Found a glowing silver altar of Zin.
  5161 | D:6      | Reached skill level 12 in Dodging
  5161 | D:6      | Reached XP level 8. HP: 35/38 MP: 9/9
  5720 | D:6      | Reached skill level 13 in Dodging
  5954 | D:6      | Reached * piety under Trog
  6458 | D:7      | Reached skill level 14 in Dodging
  6596 | D:7      | Reached XP level 9. HP: 42/42 MP: 10/10
  6603 | D:7      | Found Dackej's Jewellery Shoppe.
  6621 | D:7      | Reached skill level 15 in Dodging
  7003 | D:7      | Found a hazy altar of Hepliaklqana.
  7055 | D:7      | HP: 2/42 [wight/+0 morningstar (6)]
  7410 | D:7      | Reached skill level 16 in Dodging
  7560 | D:8      | Noticed Amaemon
  7560 | D:8      | Noticed an orange demon
  7575 | D:8      | Killed from afar by an orc priest

Illustrated notes

Levels and vault maps discovered:
D:1:      minmay_arrival_hallway, layout_loops_corners, basic_ecumenical_altar,
          minmay_unequal
D:2:      layout_loops_ring, uniq_jessica
D:3:      layout_basic, serial_shops, nicolae_shop_advertising_works
          [nicolae_subvault_shop_adworks], minmay_shallow_snake_nest,
          uniq_natasha
D:4:      layout_rooms, grunt_dithmenos_smoke_and_mirrors,
          makhleb_blood_cavern_becter, slow_altar_1, serial_shops,
          nicolae_square_shop, nicolae_shop_temple_entry_statues_fountains,
          kennysheep_mini_moat, chequers_serial_rivers_large_a,
          minmay_fractal_squares_gapless_5
D:5:      layout_layer_cave, mainiacjoe_overflow_cross_hatched,
          lemuel_temple_firewalk_b, uniq_sigmund
D:6:      layout_basic
D:7:      layout_basic, nicolae_hepliaklqana_hazy_memory, serial_shops,
          nicolae_stop_n_shop_2
D:8:      layout_basic, nicolae_qazlal_style_of_elements,
          grunt_lair_entry_orc_guard_hut, uniq_amaemon, uniq_psyche,
          uniq_joseph, uniq_maurice
Temple:   nicolae_temple_bog_church

Skill      XL: |  1  2  3  4  5  6  7  8  9 |
---------------+----------------------------+-----
Stealth        | 6 |  6.0
Dodging        | 2 3 4 6 7 9 12 14 16 | 16.1
Fighting       | |  1.7
Short Blades   | |  2.8
Throwing       | |  2.0

Action                   |  1- 3 |  4- 6 |  7- 9 || total
-------------------------+-------+-------+-------++-------
Melee: Quick blade       |    46 |    73 |   225 ||   344
       Dagger            |     2 |       |       ||     2
       Punch             |       |       |     2 ||     2
Throw: Dart              |       |     1 |     4 ||     5
  Use: Scroll            |     3 |       |     2 ||     5
       Potion            |       |       |     1 ||     1
 Stab: Sleeping          |     8 |     4 |     6 ||    18
Armor: Robe              |     1 |     3 |     9 ||    13
Dodge: Dodged            |    21 |    46 |   298 ||   365
